 Dungeon Crawl Stone Soup version 0.22.1-2-g9c5b331383 (webtiles) character file.

620 Morrissey the Chopper (level 7, -19/61 HPs)
             Began as a Minotaur Berserker on Nov 17, 2018.
             Was a Priest of Trog.
             Demolished by Harold
             ... wielding a +1 halberd of flaming
              (24 damage)
             ... on level 7 of the Dungeon.
             The game lasted 00:04:33 (3400 turns).

Morrissey the Chopper (Minotaur Berserker)          Turns: 3400, Time: 00:04:34

Health: -19/61     AC:  7    Str: 22    XL:     7   Next: 22%
Magic:  6/6        EV:  6    Int:  4    God:    Trog [***...]
Gold:   269        SH:  0    Dex: 11    Spells: 6/6 levels left

rFire    . . .     SeeInvis .   a - +0 hand axe
rCold    . . .     Gourm    .   (no shield)
rNeg     . . .     Faith    .   j - +0 ring mail {rPois}
rPois    +         Spirit   .   (helmet restricted)
rElec    .         Reflect  .   (no cloak)
rCorr    .         Harm     .   w - +0 pair of gloves
MR       ++...                  (no boots)
Stlth    +.........             (no amulet)
HPRegen  1.20/turn              (no ring)
MPRegen  0.10/turn              (no ring)

@: marked, berserk cooldown, held, regenerating, slowed, very slow
A: retaliatory headbutt, horns 2
a: Berserk, Trog's Hand, Renounce Religion


You were on level 7 of the Dungeon.
You worshipped Trog.
Trog was most pleased with you.
You were not hungry.

You visited 1 branch of the dungeon, and saw 6 of its levels.

You collected 269 gold pieces.

Inventory:

Hand Weapons
 a - a +0 hand axe (weapon)
 b - a +2 hunting sling of flaming
Missiles
 g - 161 stones (quivered)
 v - 46 sling bullets
Armour
 j - a +0 ring mail of poison resistance (worn)
 w - a +0 pair of gloves (worn)
Jewellery
 l - an uncursed ring of ice {unknown}
 n - an uncursed ring of protection from fire {unknown}
 t - an uncursed amulet of faith {unknown}
Wands
 p - a wand of random effects (27)
 x - a wand of flame (21)
Scrolls
 e - 2 scrolls of enchant armour {unknown}
 f - 4 scrolls of remove curse {unknown}
 i - 4 scrolls of identify {unknown}
 k - 2 scrolls of magic mapping {unknown}
 o - 2 scrolls of random uselessness {unknown}
 q - 4 scrolls of fear {unknown}
 s - 2 scrolls of noise {unknown}
 u - a scroll of immolation {unknown}
Potions
 d - 2 potions of heal wounds
 h - 2 potions of ambrosia {unknown}
 m - a potion of resistance {unknown}
 r - a potion of mutation {unknown}
 z - a potion of magic {unknown}
 A - a potion of curing {unknown}
 B - a potion of degeneration {unknown}
Comestibles
 c - 9 rations


   Skills:
 + Level 5.5 Fighting
 * Level 7.0 Axes
 + Level 4.7 Armour
 + Level 4.2 Dodging


You had 6 spell levels left.
You didn't know any spells.
Your spell library was empty.

Dungeon Overview and Level Annotations

Branches:
Dungeon (7/15)
 Temple: D:4-7

Altars:
Makhleb
Vehumet
Zin
The Shining One

Annotations:
D:6 Menkaure
D:7 Harold


Innate Abilities, Weirdness & Mutations

You reflexively headbutt those who attack you in melee.
You have a pair of horns on your head.


Message History

* * * LOW HITPOINT WARNING * * *
The howler monkey hits you.
* * * LOW HITPOINT WARNING * * *
You struggle against the net.
The howler monkey hits you but does no damage.
The orc hits you with a whip.
* * * LOW HITPOINT WARNING * * *
Harold points at you and mumbles some strange words.
A sentinel's mark forms upon you.
The howler monkey hoots and howls with incredible vigour!
The orc hits you but does no damage.
Harold hits you from afar with a halberd of flaming.
* * * LOW HITPOINT WARNING * * *
Harold burns you.
* * * LOW HITPOINT WARNING * * *
You struggle against the net.
The howler monkey hits you!
* * * LOW HITPOINT WARNING * * *
The orc hits you but does no damage.
Harold hits you from afar with a halberd of flaming!!
You die...

... #.#########
#..>......####
###..?%........##
.............##..#
####.###.......#.#
# #@........#
#.h._..._.#
#@...Z.....
#o†...♣....
#..........
##(.....)..
##..._....
#.#....# .####.#
.#


You could see Harold, a howler monkey, an orc and a worker ant zombie.

Vanquished Creatures
  A phantom (D:4)
  An ogre (D:3)
  A bullfrog (D:4)
  A scorpion (D:4)
  4 howler monkeys
  An orc priest (D:4)
  An orc wizard (D:3)
  2 adders
  2 oozes (D:3)
  5 worms
  4 dart slugs
  A leopard gecko (D:2)
  7 orcs
  2 ball pythons
  8 bats
  3 giant cockroaches
  8 hobgoblins
  7 jackals
  2 quokkas
  4 goblins
  11 kobolds
  3 rats (D:1)
79 creatures vanquished.

Notes
Turn   | Place    | Note
-------+----------+-------------------------------------------
     0 | D:1      | Morrissey the Minotaur Berserker began the quest for the
                  | Orb.
     0 | D:1      | Reached XP level 1. HP: 19/19 MP: 0/0
   110 | D:1      | Reached XP level 2. HP: 25/27 MP: 1/1
   152 | D:1      | Reached skill level 4 in Axes
   363 | D:1      | Reached ** piety under Trog
   363 | D:1      | Reached XP level 3. HP: 33/33 MP: 2/2
   838 | D:2      | Found a glowing golden altar of the Shining One.
  1636 | D:3      | Reached XP level 4. HP: 39/40 MP: 3/3
  1772 | D:3      | Reached skill level 5 in Axes
  2681 | D:4      | Noticed a bullfrog
  2694 | D:4      | Reached XP level 5. HP: 43/47 MP: 4/4
  2701 | D:4      | Reached *** piety under Trog
  2731 | D:4      | Noticed an ogre
  2766 | D:3      | Killed an ogre
  2766 | D:3      | Reached skill level 5 in Fighting
  2766 | D:3      | Reached skill level 6 in Axes
  2766 | D:3      | Reached XP level 6. HP: 56/56 MP: 5/5
  3376 | D:4      | You fall through a shaft for 3 floors!
  3376 | D:7      | Found a burning altar of Makhleb.
  3378 | D:7      | Found a radiant altar of Vehumet.
  3379 | D:7      | Found a glowing silver altar of Zin.
  3382 | D:7      | Reached XP level 7. HP: 61/61 MP: 6/6
  3391 | D:6      | Noticed Menkaure
  3393 | D:7      | Noticed Harold
  3395 | D:7      | Reached skill level 7 in Axes
  3400 | D:7      | Demolished by Harold

Skill      XL: |  1  2  3  4  5  6  7 |
---------------+----------------------+-----
Axes           | 4 5 6 7 |  7.0
Fighting       | 4 5 |  5.5
Armour         | 3 4 |  4.7
Dodging        | 3 4 |  4.2

Action                   |  1- 3 |  4- 6 |  7- 9 || total
-------------------------+-------+-------+-------++-------
Melee: Hand axe          |    40 |    36 |     3 ||    79
       Headbutt          |     5 |     9 |     1 ||    15
 Fire: Hunting sling     |    47 |    69 |       ||   116
Invok: Berserk           |       |     3 |       ||     3
       Trog's Hand       |       |     1 |     1 ||     2
  Use: Potion            |       |       |     1 ||     1
  Eat: Chunk             |     2 |     7 |     2 ||    11
Armor: Animal skin       |     8 |       |       ||     8
       Ring mail         |     8 |     6 |     8 ||    22
Dodge: Dodged            |    38 |    23 |     8 ||    69
